 Dungeon Crawl Stone Soup version 0.32-a0-933-ga8fa3634e4 (webtiles) character file.

Game seed: 2482852686962155221

438 Autsider the Toxicologist (level 7, -9/52 HPs)
             Began as a Merfolk Alchemist on Apr 14, 2024.
             Was an Initiate of Qazlal.
             Mangled by Duvessa
             ... wielding a +0 short sword
              (18 damage)
             ... on level 3 of the Dungeon.
             The game lasted 00:13:50 (4327 turns).

Autsider the Toxicologist (Merfolk Alchemist)       Turns: 4327, Time: 00:13:51

Health: -9/52      AC:  2    Str:  8    XL:     7   Next: 1%
Magic:  0/10       EV: 11    Int: 17    God:    Qazlal [......]
Gold:   258        SH:  5    Dex: 14    Spells: 1/10 levels left

rFire   . . .        o - +0 trident
rCold   . . .        (no shield)
rNeg    . . .        a - +0 robe
rPois   .            (no helmet)
rElec   .            (no cloak)
rCorr   .            (no gloves)
SInv    .            (no boots)
Will    .....        f - amulet of reflection
Stlth   ++           (no ring)
HPRegen 0.28/turn    (no ring)
MPRegen 0.12/turn

%: reflection
@: no status effects
A: (nimble swimmer 2), mertail
a: Renounce Religion


You were on level 3 of the Dungeon.
You worshipped Qazlal.
Qazlal was noncommittal.
You visited 1 branch of the dungeon, and saw 4 of its levels.
You also visited: Sewer.

You collected 258 gold pieces.

Inventory:

Hand Weapons
 c - a +0 spear
 e - a +0 whip
 o - a +0 trident (weapon)
Armour
 a - a +0 robe (worn)
 d - a +0 leather armour
Jewellery
 f - an amulet of reflection (around neck)
Scrolls
 i - a scroll of brand weapon {unknown}
 j - a scroll of amnesia {unknown}
 l - a scroll of fog
 m - 2 scrolls of poison
 n - a scroll of teleportation {@r2}
 p - a scroll of blinking {unknown}
Potions
 g - a potion of might
 h - a potion of brilliance {unknown}
 k - a potion of curing {unknown}
Miscellaneous
 b - a lightning rod (3/4)


   Skills:
 - Level 3.0 Fighting
 - Level 2.6 Dodging
 - Level 2.1 Stealth
 - Level 2.0 Spellcasting
 - Level 0.7 Conjurations
 - Level 2.0 Fire Magic
 * Level 8.4 Alchemy


You had one spell level left.
You knew the following spells:

 Your Spells              Type           Power      Damage    Failure   Level
a - Sting                 Conj/Alch      68%        1d7       3%          1
b - Olgreb's Toxic Radia  Alch           30%        N/A       6%          4
c - Sticky Flame          Fire/Alch      19%        2d6       22%         4

Your spell library contained the following spells:

 Spells                   Type           Power      Damage    Failure   Level
 Mercury Vapours          Alch/Air       30%        N/A       5%          2
 Mephitic Cloud           Conj/Alch/Air  12%        N/A       17%         3
 Teleport Other           Tloc           1%         N/A       50%         3
 Dispersal                Tloc           0%         N/A       100%        6
 Gell's Gavotte           Tloc           0%         2d(11-16) 100%        6


Dungeon Overview and Level Annotations

Branches:
Dungeon (4/15)              Sewer (visited)
 Temple: D:4-7

Altars:
Dithmenos
Fedhas
Gozag
Qazlal
Yredelemnul

Shops:
D:4 =

Annotations:
D:3 2 transporters, exclusion: 2 downstairs, Duvessa; basamash's ghost, weakling MiHu
D:4 Sigmund


Innate Abilities, Weirdness & Mutations

((You are very nimble when in or above water. (Stealth+, EV+, Speed+++)))
Your lower body shifts to a powerful aquatic tail in water.


Message History

Confirm with . or Enter, or press ? or * to list all spells.
Aiming: Sting (safe; 3% risk of failure)
Press: ? - help, Shift-Dir - straight line, f - Duvessa
Aim: Duvessa, wielding a +0 short sword, wearing a +0 chain mail and quivering stones (heavily wounded, berserk, very poisoned, 84% to hit)
The sting hits Duvessa but does no damage.
Duvessa looks even sicker.
Duvessa is heavily wounded.
You feel sick.
You are no longer poisoned.
Duvessa hits you with a +0 short sword!
* * * LOW HITPOINT WARNING * * *
You block Duvessa's attack.
Casting: Sting (safe; 3% risk of failure)
Confirm with . or Enter, or press ? or * to list all spells.
Aiming: Sting (safe; 3% risk of failure)
Press: ? - help, Shift-Dir - straight line, f/p - Duvessa
Aim: Duvessa, wielding a +0 short sword, wearing a +0 chain mail and quivering stones (heavily wounded, berserk, very poisoned, 84% to hit)
The sting hits Duvessa but does no damage.
Duvessa looks as sick as possible!
Duvessa is heavily wounded.
Duvessa hits you with a +0 short sword!
* * * LOW HITPOINT WARNING * * *
Casting: Sting (safe; 3% risk of failure)
Confirm with . or Enter, or press ? or * to list all spells.
You don't have enough magic to cast this spell.
Unknown command.
Okay, then.
Aiming: Thunderbolt
Press: ? - help, Shift-Dir - straight line, f/p - Duvessa
Aim: Duvessa, wielding a +0 short sword, wearing a +0 chain mail and quivering stones (heavily wounded, berserk, extremely poisoned)
The thunderbolt hits Duvessa!
Duvessa is severely wounded.
Duvessa hits you with a +0 short sword!
* * * LOW HITPOINT WARNING * * *
Duvessa hits you with a +0 short sword.
* * * LOW HITPOINT WARNING * * *
Unknown command.
Duvessa barely misses you.
Duvessa hits you with a +0 short sword!!
You die...

.#.##.........#....#.#
.#.###..#.......##.#.#
...⌠#..............#.#
..._########..#..###.#
.#..#...# #<........#
_#_##.#########..##.##
#####.........#......###
#########.#.###.>..#
#...........@e...#.#
#.#######.#.####.#.#
#.......#.#.####.#.#
#######.#.#.#....#.#
#.#.#.#.####.#
#.#.#.#<.....#
#.#.#.##.##############
###.#.#..>...............
#...#.####.##############


You could see Duvessa (berserk, very poisoned).

Vanquished Creatures
  A phantom (D:4)
  2 bullfrogs (Sewer)
  Dowan (D:4)
  A gnoll (D:4)
  7 adders
  7 dart slugs
  3 ribbon worms
  3 orcs (D:4)
  2 bats
  4 endoplasms
  12 giant cockroaches
  4 goblins
  7 hobgoblins
  7 jackals
  2 kobolds (D:1)
  4 quokkas
  11 ball pythons
  14 frilled lizards
  2 rats (D:1)
94 creatures vanquished.

Notes
Turn   | Place    | Note
-------+----------+-------------------------------------------
     0 | D:1      | Autsider the Merfolk Alchemist began the quest for the Orb.
     0 | D:1      | Reached XP level 1. HP: 13/13 MP: 3/3
   238 | D:1      | Reached XP level 2. HP: 19/19 MP: 3/5
   401 | D:1      | Reached skill level 5 in Alchemy
   954 | D:1      | Reached XP level 3. HP: 23/24 MP: 2/6
  1593 | D:2      | Reached skill level 6 in Alchemy
  1593 | D:2      | Reached XP level 4. HP: 31/31 MP: 5/7
  1826 | D:2      | Reached skill level 1 in Fighting
  2439 | D:3      | Found a glowing drain.
  2464 | Sewer    | Entered a sewer
  2560 | Sewer    | Noticed a bullfrog
  2565 | Sewer    | Noticed a bullfrog
  2568 | Sewer    | Killed a bullfrog
  2569 | Sewer    | Reached skill level 1 in Fire Magic
  2569 | Sewer    | Reached XP level 5. HP: 32/38 MP: 0/8
  2582 | Sewer    | Reached skill level 7 in Alchemy
  2582 | Sewer    | Reached XP level 6. HP: 8/45 MP: 2/9
  3151 | D:3      | Found a transporter.
  3152 | D:3      | Noticed basamash's ghost (weakling MiHu)
  3153 | D:3      | Found a transporter.
  3468 | D:3      | Found a blossoming altar of Fedhas.
  3468 | D:3      | Found a shadowy altar of Dithmenos.
  3470 | D:3      | Found a stormy altar of Qazlal.
  3471 | D:3      | Found an opulent altar of Gozag.
  3473 | D:3      | Found a basalt altar of Yredelemnul.
  3773 | D:3      | Became a worshipper of Qazlal Stormbringer
  3864 | D:4      | Noticed Duvessa
  3864 | D:4      | Noticed Dowan
  3899 | D:4      | Found Lerugg's Jewellery Boutique.
  3960 | D:4      | Learned a level 4 spell: Olgreb's Toxic Radiance
  3965 | D:4      | Learned a level 4 spell: Sticky Flame
  3990 | D:4      | Noticed Sigmund
  4318 | D:4      | Reached skill level 8 in Alchemy
  4318 | D:4      | Killed Dowan
  4319 | D:4      | Reached XP level 7. HP: 36/52 MP: 1/10
  4327 | D:3      | Mangled by Duvessa

Illustrated notes

Levels and vault maps discovered:
D:1:      shiori_arrival_whats_in_store_for_you, layout_loops_ring
D:2:      layout_basic, uniq_crazy_yiuf_cottage
D:3:      layout_basic, minitemple, gammafunk_ghost_smash, portal_sewer_entry_d
D:4:      layout_cave_pods, serial_shops, shop, roderic_lattice_a, uniq_sigmund,
          uniq_duvessa

Skill      XL: |  1  2  3  4  5  6 |
---------------+-------------------+-----
Alchemy        | 5 6 7 8 |  8.4
Fighting       | 1 2 3 |  3.0
Fire Magic     | 1 2 |  2.0
Dodging        | |  2.6
Stealth        | |  2.1
Spellcasting   | |  2.0
Conjurations   | |  0.7

Action                     |  1- 3 |  4- 6 |  7- 9 || total
---------------------------+-------+-------+-------++-------
  Melee: Unarmed           |    13 |       |       ||    13
         Whip              |    11 |       |       ||    11
         Spear             |    42 |    50 |       ||    92
         Tailslap          |       |     3 |       ||     3
         Trident           |       |    30 |       ||    30
   Cast: Sting             |    58 |    85 |     2 ||   145
         Olgreb's Toxic Ra |       |     2 |       ||     2
         Sticky Flame      |       |     1 |       ||     1
  Evoke: Lightning rod     |       |       |     1 ||     1
    Use: Scroll            |     2 |     2 |       ||     4
         Potion            |       |     2 |       ||     2
   Stab: Sleeping          |       |     3 |       ||     3
 Armour: Robe              |    37 |    57 |     5 ||    99
  Dodge: Dodged            |    41 |    80 |     3 ||   124
  Block: Other             |     9 |    23 |     1 ||    33
         Reflection        |     1 |     1 |       ||     2

Table legend: (Time is in decaauts)
 A = Elapsed time spent in this place.
 B = Non-inter-level travel time spent in this place.
 C = Inter-level travel time spent in this place.
 D = Time resting spent in this place.
 E = Time spent auto-exploring this place.
 F = Levels seen in this place.
 G = Mean time per level.
                   A        B        C        D        E       F      G
               +--------+--------+--------+--------+--------+-----+--------+
         Total |   4290 |   3787 |    503 |    374 |   2600 |   5 |  858.0 |
       Dungeon |   3741 |   3238 |    503 |    211 |   2366 |   4 |  935.2 |
         Sewer |    549 |    549 |      0 |    163 |    234 |   1 |  549.0 |
               +--------+--------+--------+--------+--------+-----+--------+

Top non-repeatable levels by time:
     D:3: 1185 daAuts
     D:2: 1131 daAuts
     D:1: 1114 daAuts
   Sewer: 549 daAuts
     D:4: 309 daAuts
